 Dungeon Crawl Stone Soup version 0.30-a0-782-ge64f9170bb (webtiles) character file.

Game seed: 13637205193725289058

2086 tilp the Carver (level 9, 0/81 HPs)
             Began as a Meteoran Fighter on Mar 11, 2023.
             Slain by an orc warrior
             ... wielding a +0 broad axe
              (6 damage)
             ... in a bailey.
             The game lasted 00:12:49 (2678 turns).

tilp the Carver (Meteoran Fighter)                  Turns: 2678, Time: 00:12:49

Health: 0/81       AC: 15    Str: 17    XL:     9   Next: 81%
Magic:  10/10      EV:  9    Int: 14    God:
Gold:   212        SH:  6    Dex: 18    Spells: 8/8 levels left

rFire   . . .      SeeInvis .    a - +1 long sword
rCold   . . .      Faith    .    c - +1 buckler
rNeg    . . .      Spirit   .    y - +0 chain mail
rPois   .          Reflect  .    u - +2 helmet {Int+3}
rElec   .          Harm     .    (no cloak)
rCorr   .          Rampage  .    (no gloves)
Will    +....                    b - +2 pair of boots Stlth
                                 (no amulet)
HPRegen 0.33/turn                (no ring)
MPRegen 0.12/turn                (no ring)

@: mighty, glowing
A: sense surroundings 2, otherworldly, glowing, explore regen
a: no special abilities


You were in a bailey.
You visited 2 branches of the dungeon, and saw 8 of its levels.
You also visited: Bailey.

You collected 212 gold pieces.

Inventory:

Hand Weapons
 a - a +1 long sword (weapon)
Missiles
 f - 11 poisoned darts (quivered)
 g - 14 stones
Armour
 b - a +2 pair of boots (worn)
 c - a +1 buckler (worn)
 u - a +2 helmet of intelligence (worn)
 y - a +0 chain mail (worn)
Wands
 d - a wand of iceblast (6)
 o - a wand of mindburst (6)
 w - a wand of polymorph (6)
Scrolls
 j - 2 scrolls of poison
 p - a scroll of silence
 s - a scroll of teleportation
 t - a scroll of enchant armour
 v - a scroll of blinking
Potions
 e - a potion of lignification
 h - a potion of cancellation
 i - a potion of haste {unknown}
 k - a potion of magic {unknown}
 l - 5 potions of curing
 m - 2 potions of mutation
 r - a potion of ambrosia {unknown}


   Skills:
 - Level 8.0 Fighting
 * Level 9.9 Long Blades
 - Level 2.0 Throwing
 - Level 4.0 Armour
 + Level 5.6 Dodging
 - Level 4.0 Shields
 - Level 2.0 Evocations


You had 8 spell levels left.
You didn't know any spells.
Your spell library was empty.

Dungeon Overview and Level Annotations

Branches:
Dungeon (7/15) Zot: 1674   Temple (1/1) D:6 Zot: 569  Bailey (1/1) Zot: 439

Altars:
Ashenzari
Cheibriados
Fedhas
Gozag
Hepliaklqana
Makhleb
Nemelex Xobeh
Ru
Uskayaw
Lugonu

Annotations:
D:6 1 transporter


Innate Abilities, Weirdness & Mutations

You passively map the area around you.
You are easily found by Zot.
You glow in the dark.
You regain HP and MP as you explore.


Message History

You closely miss the hobgoblin.
The hobgoblin is heavily wounded.
The hobgoblin hits you with a +0 hand axe.
* * * LOW HITPOINT WARNING * * *
You slash the hobgoblin!
You kill the hobgoblin!
The orc warrior sings a few bars from the Orcish anthem.
You hit the orc warrior.
The orc warrior is moderately wounded.
You miss the orc warrior.
The orc warrior hits you with a +0 broad axe!
* * * LOW HITPOINT WARNING * * *
The orc warrior barely misses you.
You slash the orc warrior!
The orc warrior is almost dead.
You block the orc warrior's attack.
The orc warrior hits you but does no damage.
You slash the orc warrior!
You kill the orc warrior!
Training target 8.0 for Fighting reached!
Your Fighting skill increases to level 8!
You barely miss the orc warrior.
The orc warrior hits you with a +0 broad axe.
* * * LOW HITPOINT WARNING * * *
The gnoll barely misses you.
You hit the orc warrior but do no damage.
You block the orc warrior's attack. The gnoll hits you but does no damage.
You hit the orc warrior.
The orc warrior is moderately wounded.
The orc warrior hits you with a +0 broad axe!
* * * LOW HITPOINT WARNING * * *
The gnoll hits you but does no damage.
You slice the orc warrior!!
The orc warrior is almost dead.
You block the orc warrior's attack. The gnoll hits you with a +0 hand axe.
* * * LOW HITPOINT WARNING * * *
Unknown command.
You feel better.
The orc warrior hits you with a +0 broad axe.
You die...

, , * ~~ ~~~ * ## ~
~ ~ , , , , #. ~ ~
~~ , ** 8 + #. * ~
~~ * , , ,#. ~ ~ *
, , , ,#. ~ ~ ~~ #o
~ ~~ #+#, , #g##, ~
~ ~ ..# , ,, #o@#
~~ ~ .8# ,#8.#, ~
~~~ ~ ..#, ,, ,,
,#..# ~~~~ ~ .8####
####8.# ~~
.....#######.....#
~ ~ ~
.8...#.....#...8.#,
~ ~ ~~~
...).#.....#.....#,
~~~ ~
###..#..⌠))#..####
~ ~ * #.)).....'..#
,, ~


You could see 2 orc warriors and a gnoll.

Vanquished Creatures
  An orc knight (Bailey)
  Joseph (D:7)
  A water moccasin (D:5)
  Duvessa (D:7)
  3 orc warriors (Bailey)
  An ogre (D:5)
  2 centaurs
  A necrophage (D:5)
  A bullfrog (D:7)
  A scorpion (D:6)
  Dowan (D:7)
  2 jellies
  2 hounds
  A gnoll bouda (D:7)
  An iron imp (D:5)
  An iguana (D:4)
  An orc wizard (D:6)
  Robin (D:4)
  3 gnolls (D:7)
  6 adders
  A white imp (D:5)
  A worm (D:4)
  A dart slug (D:3)
  16 orcs
  2 endoplasms
  3 giant cockroaches
  3 hobgoblins
  4 jackals (D:4)
  A kobold (D:2)
  3 ball pythons
  4 bats
  A frilled lizard (D:1)
  16 goblins
  A rat (D:2)
89 creatures vanquished.

Notes
Turn   | Place    | Note
-------+----------+-------------------------------------------
     0 | D:1      | tilp the Meteoran Fighter began the quest for the Orb.
     0 | D:1      | Reached XP level 1. HP: 19/19 MP: 2/2
   237 | D:3      | Reached skill level 3 in Long Blades
   237 | D:3      | Reached skill level 1 in Dodging
   237 | D:3      | Reached XP level 2. HP: 14/26 MP: 3/3
   330 | D:4      | Reached XP level 3. HP: 14/33 MP: 4/4
   365 | D:3      | Reached XP level 4. HP: 40/40 MP: 5/5
   806 | D:3      | Found a hazy altar of Hepliaklqana.
  1022 | D:4      | Reached skill level 4 in Long Blades
  1166 | D:5      | Entered Level 5 of the Dungeon
  1178 | D:5      | Reached XP level 5. HP: 21/46 MP: 6/6
  1209 | D:4      | Reached skill level 5 in Long Blades
  1286 | D:4      | You fall into a shaft and drop 1 floor!
  1306 | D:4      | Noticed Robin
  1334 | D:4      | Killed Robin
  1424 | D:4      | Reached XP level 6. HP: 52/52 MP: 7/7
  1445 | D:5      | Found a broken altar of Ashenzari.
  1502 | D:5      | Identified the +0 whip of Conformity {heavy, Dex+4}
  1758 | D:5      | Found a snail-covered altar of Cheibriados.
  1771 | D:5      | Reached skill level 6 in Long Blades
  1809 | D:5      | Noticed an ogre
  1821 | D:5      | Killed an ogre
  1834 | D:6      | Noticed a water moccasin
  1835 | D:6      | Reached skill level 1 in Evocations
  1835 | D:6      | Reached XP level 7. HP: 46/59 MP: 8/8
  1970 | D:5      | Reached skill level 1 in Throwing
  2087 | D:5      | Killed a water moccasin
  2196 | D:6      | Found a transporter.
  2215 | D:6      | Found a staircase to the Ecumenical Temple.
  2220 | Temple   | Entered the Ecumenical Temple
  2313 | D:6      | Reached skill level 5 in Fighting
  2313 | D:6      | Reached XP level 8. HP: 49/68 MP: 9/9
  2327 | D:6      | Reached skill level 7 in Long Blades
  2355 | D:7      | Noticed Joseph
  2365 | D:7      | Killed Joseph
  2366 | D:7      | Reached skill level 8 in Long Blades
  2434 | D:7      | Noticed Duvessa
  2434 | D:7      | Noticed Dowan
  2447 | D:7      | Killed Duvessa
  2448 | D:7      | Gained mutation: You passively map the area around you.
                  | [Meteoran growth]
  2448 | D:7      | Reached XP level 9. HP: 67/78 MP: 10/10
  2460 | D:7      | Killed Dowan
  2499 | D:7      | Found a flagged portal.
  2517 | Bailey   | Entered a bailey
  2545 | Bailey   | Noticed an orc knight
  2570 | Bailey   | Killed an orc knight
  2571 | Bailey   | Reached skill level 9 in Long Blades
  2571 | Bailey   | Reached skill level 5 in Dodging
  2677 | Bailey   | HP: 1/81 [gnoll/+0 hand axe (6)]
  2678 | Bailey   | Slain by an orc warrior

Illustrated notes

Levels and vault maps discovered:
D:1:      minmay_arrival_five_plusses, layout_loops_cross, serial_forest,
          infiniplex_forest_lined_2, infiniplex_forest_lined_2,
          infiniplex_forest_zigzag_2, infiniplex_forest_lined_1,
          infiniplex_forest_clump_cross, infiniplex_forest_lined_room_2,
          infiniplex_forest_lined_3_way, minivault_4
D:2:      minmay_evil_eye, layout_loops_cross, serial_shops, shop_statue,
          nrook_mini_vaults
D:3:      layout_loops_corners, amcnicky_altar_gilded, kennysheep_generic_room_6
D:4:      layout_loops_cross, uniq_robin
D:5:      layout_basic, chei_slow_surprise, ashenzari_altar_1
D:6:      gammafunk_cloud_chamber, layout_basic, kennysheep_little_box,
          temple_doors_e
D:7:      layout_loops_corners, tgw_xom, enter_bailey_6, grunt_ministairs_13,
          nicolae_shop_clearance, uniq_joseph, uniq_duvessa, uniq_menkaure
Temple:   corrupted_temple
Bailey:   bailey_axe_of_yendor_kennysheep, bailey

Skill      XL: |  1  2  3  4  5  6  7  8  9 |
---------------+----------------------------+-----
Long Blades    | 3 4 5 6 8 9 |  9.9
Dodging        | 1 2 3 4 5 |  5.6
Fighting       | 4 5 6 8 |  8.0
Evocations     | 1 2 |  2.0
Throwing       | 1 2 |  2.0
Shields        | 4 |  4.0
Armour         | 4 |  4.0

Action                     |  1- 3 |  4- 6 |  7- 9 || total
---------------------------+-------+-------+-------++-------
  Melee: Long sword        |    42 |   161 |   180 ||   383
  Throw: Dart              |     1 |     2 |     1 ||     4
  Evoke: Wand              |       |       |    10 ||    10
    Use: Scroll            |     2 |     8 |     6 ||    16
         Potion            |     1 |       |     4 ||     5
 Armour: Scale mail        |    19 |    70 |       ||    89
         Chain mail        |       |     4 |   137 ||   141
  Dodge: Dodged            |    22 |    69 |    58 ||   149
  Block: Buckler           |     9 |    44 |    56 ||   109

Table legend: (Time is in decaauts)
 A = Elapsed time spent in this place.
 B = Non-inter-level travel time spent in this place.
 C = Inter-level travel time spent in this place.
 D = Time resting spent in this place.
 E = Time spent auto-exploring this place.
 F = Levels seen in this place.
 G = Mean time per level.
                   A        B        C        D        E       F      G
               +--------+--------+--------+--------+--------+-----+--------+
         Total |   2716 |   2337 |    379 |    100 |      0 |   9 |  301.8 |
       Dungeon |   2525 |   2157 |    368 |    100 |      0 |   7 |  360.7 |
        Temple |     30 |     19 |     11 |      0 |      0 |   1 |   30.0 |
        Bailey |    159 |    159 |      0 |      0 |      0 |   1 |  159.0 |
               +--------+--------+--------+--------+--------+-----+--------+

Top non-repeatable levels by time:
     D:3: 881 daAuts
     D:4: 575 daAuts
     D:5: 547 daAuts
     D:6: 235 daAuts
     D:7: 175 daAuts
  Bailey: 159 daAuts
     D:1: 75 daAuts
     D:2: 34 daAuts
  Temple: 30 daAuts
